Cogmind - Beta 16 @@@ ROGUE MODE // 2025.12.25 @ 22:43:44 Player: Moose Result: Core destroyed Performance ------------- Evolutions (0) 0 Regions Visited (1) 200 Robots Destroyed (19) 95 Value Destroyed (382) 382 Prototype IDs (0) 0 Alien Tech Used (0) 0 Bonus (0) 0 TOTAL SCORE: 677 Bonus ------- None Cogmind --------- Core Integrity 0/250 Matter 116/300 Energy 247/265 System Corruption 0% Temperature Critical (754) Movement Core (400) Ox7 Location -10/Materials Parts ------- > --- POWER (1) -------- Improved Ion Engine > --- PROPULSION (2) --- (None) > --- UTILITY (2) ------ Medium Storage Unit Structural Scanner > --- WEAPON (2) ------- Particle Gun Particle Gun > --- INVENTORY (10) --- Improved Ion Engine Improved Ion Engine Aluminum Leg Aluminum Leg Large Matter Pod (0) Sensor Array Seismic Detector Particle Gun Particle Gun Peak State ------------ > --- POWER ------------ Improved Ion Engine > --- PROPULSION ------- Light Treads Light Treads > --- UTILITY ---------- Medium Storage Unit Structural Scanner > --- WEAPON ----------- Particle Gun Particle Gun > --- INVENTORY -------- Improved Ion Engine Improved Ion Engine Aluminum Leg Aluminum Leg Large Matter Pod Sensor Array Seismic Detector Particle Gun [Rating: 11] Favorites ----------- Power Improved Ion Engine Engine Improved Ion Engine Propulsion Light Treads Treads Light Treads Utility Small Storage Unit Device Structural Scanner Storage Small Storage Unit Weapon Assault Rifle Energy Gun Particle Gun Ballistic Gun Assault Rifle Build | -11 -10 ------- Run | Yrd Mat Slots Evolved . | . . Power . | . . Propulsion . | . . Utility . | . . Weapon . | . . Parts Attached 15 | 7 8 Power 3 | 1 2 Engine 3 | 1 2 Core . | . . Reactor . | . . Propulsion 2 | 2 . Treads 2 | 2 . Leg . | . . Wheel . | . . Hover . | . . Flight . | . . Utility 5 | 2 3 Device 3 | 1 2 Storage 2 | 1 1 Processor . | . . Hackware . | . . Protection . | . . Artifact . | . . Weapon 5 | 2 3 Energy Gun 3 | . 3 Energy Cannon . | . . Ballistic Gun 2 | 2 . Ballistic Cannon . | . . Launcher . | . . Special Weapon . | . . Impact Weapon . | . . Slashing Weapon . | . . Piercing Weapon . | . . Special Melee Weapon . | . . Unidentified Prototypes . | . . Parts Lost 2 | . 2 Power . | . . Propulsion 2 | . 2 Utility . | . . Weapon . | . . Highest Loss Streak 2 | . 2 To Critical Strikes . | . . Average Backups 6 | 4 7 Power 1 | 1 1 Propulsion 1 | 1 2 Utility 2 | . 2 Weapon 1 | 1 . Tool/Special . | . . Unused Backups 10 | . 10 Power 4 | . 4 Propulsion 2 | . 2 Utility 2 | . 2 Weapon 2 | . 2 Tool/Special . | . . Average Slot Usage (%) 99 | . 99 Engine 13 | . 13 Treads 27 | . 27 Device 14 | . 14 Storage 14 | . 14 Energy Gun 3 | . 3 Ballistic Gun 24 | . 24 Peak Build Rating 11 | 7 11 Average Rating 7 | 3 8 On Entrance 3 | . 7 Avg Prop Armor Cover (%) . | . . Naked Turns . | . . Heaviest Build 24 | 15 24 Greatest Support 40 | 40 40 Greatest Overweight (x) . | . . Average Overweight (x) . | . . Largest Inventory Capacity 10 | 8 10 Average Capacity 8 | 7 9 Most Carried 9 | 7 9 Average Carried 6 | 5 7 Final Capacity 10 | 8 10 Final Carried 9 | 6 9 Class Distribution -------------------- 100% | Mutant Dominant Class ---------------- Mutant | -10/Materials Resources | -11 -10 ----------- Run | Yrd Mat Matter Collected 409 | 164 245 Remotely . | . . Salvage Created 537 | 16 521 Parts 42 | 4 38 Haulers Intercepted 1 | . 1 Recyclers Shooed . | . . Parts Field Recycled . | . . Retrieved Matter . | . . Parts Self-Destructed . | . . Prevented . | . . Parts Restored . | . . Kills | -11 -10 ------- Run | Yrd Mat Combat Hostiles Destroyed 15 | . 15 Guns 15 | . 15 Classes Destroyed 6 | 1 5 Builder 1 | . 1 Tunneler 1 | 1 . Hauler 1 | . 1 Watcher 1 | . 1 Swarmer 7 | . 7 Grunt 8 | . 8 Best Kill Streak 5 | 1 5 Combat Bots Only 5 | . 5 Max Kills in Single Turn 1 | 1 1 Gunslinging . | . . Exploded . | . . Melee . | . . Uniques/NPCs Destroyed . | . . Combat | -11 -10 -------- Run | Yrd Mat Hostile Shots Fired 113 | . 113 Missed 37 | . 37 Hits 76 | . 76 Projectile 76 | . 76 Damage Taken 790 | . 790 Core 251 | . 251 Absorbed by Shields . | . . Core Remaining (%) 100 | 100 . Volleys Fired 53 | 1 52 Largest 2 | 2 2 Hottest 130 | 40 130 Shots Fired 103 | 2 101 Gun 103 | 2 101 Cannon . | . . Launcher . | . . Special . | . . Kinetic 78 | 2 76 Thermal 25 | . 25 Explosive . | . . Electromagnetic . | . . Robot Hit Streak 4 | 1 4 Robot Miss Streak 4 | . 4 Penetration Max . | . . Secondary Targets 4 | . 4 Max Gunslinging Chain 1 | . 1 Shots Hit Robots 54 | 1 53 Core Hits 27 | 1 26 Critical Kills . | . . Critical Parts Destroyed . | . . Critical Strikes 1 | . 1 Burn 1 | . 1 Melee Attacks . | . . Impact . | . . Slashing . | . . Piercing . | . . Sneak Attacks . | . . Combat Hostiles . | . . Follow-up Attacks . | . . Damage Inflicted 699 | 10 689 Guns 696 | 10 686 Cannons . | . . Explosions . | . . Melee . | . . Ramming 3 | . 3 Kinetic 506 | 10 496 Thermal 190 | . 190 Explosive . | . . Electromagnetic . | . . Impact . | . . Slashing . | . . Piercing . | . . Highest Corruption . | . . Average Corruption . | . . Corruption Purged . | . . Corruption Blocked . | . . Overload Shots . | . . Overflow Damage . | . . Projectiles . | . . Explosions . | . . Melee . | . . Knockbacks . | . . Impact . | . . Kinetic . | . . Secondary . | . . Self-Inflicted Damage . | . . Shots . | . . Rammed 1 | . 1 Targets Rammed 1 | . 1 Kicked . | . . Crushed . | . . Highest Temperature 767 | . 767 Average Temperature 347 | . 347 Received Heat Transfer 162 | . 162 Effects 11 | . 11 Shutdowns 1 | . 1 Interference 1 | . 1 Matter Decay 1 | . 1 Short Circuit 2 | . 2 Damage (minor) 1 | . 1 Damage (major) 2 | . 2 Damage (core) 3 | . 3 Siege Activations . | . . Martial Activations . | . . Shielding Activations . | . . Robots Disrupted . | . . Combat Hostiles . | . . Robots Corrupted . | . . Combat Hostiles . | . . Parts Fried . | . . Impact Corruptions . | . . Robots Melted . | . . Combat Hostiles . | . . Parts Melted . | . . Heat Transferred 518 | . 518 Parts Sabotaged . | . . Parts Stolen . | . . Parts Stripped . | . . Power Chain Reactions . | . . Alert | -11 -10 ------- Run | Yrd Mat Maximum Alert Level 1 | . 1 Low Security (%) 93 | 100 91 Level 1 6 | . 8 Level 2 . | . . Level 3 . | . . Level 4 . | . . Level 5 . | . . High Security . | . . Max Security . | . . Peak Influence 248 | 5 248 Initial . | . . Average 58 | . 72 Influence Increases 441 | 5 436 Destroy 0b10 Robot/C 300 | . 300 Destroy 0b10 Robot/NC 20 | 5 15 Destroy Leader 54 | . 54 Successful Hack 6 | . 6 Disable Machine 15 | . 15 Destroy Structure 1 | . 1 Lose Combat Pursuer 45 | . 45 Influence Decreases 203 | 5 198 Time Decay 183 | 5 178 Lost Part 20 | . 20 Squads Dispatched 5 | . 5 Investigation 2 | . 2 Extermination . | . . Reinforcement 3 | . 3 Assault . | . . Garrison . | . . Intercept . | . . Searches Triggered . | . . Construction Impeded . | . . Haulers Reinforced . | . . Active Scanning Responses . | . . Cargo Convoy Interrupts . | . . Stealth | -11 -10 --------- Run | Yrd Mat Distress Signals . | . . Communications Jammed . | . . Distress Signals . | . . Times Spotted 24 | . 24 Peak Tracking Total 4 | . 4 Tactical Retreats 2 | . 2 Traps | -11 -10 ------- Run | Yrd Mat Traps Triggered . | . . Indirectly . | . . Trap Hack Attempts . | . . Triggered . | . . Disarmed 6 | . 6 Reprogrammed . | . . Reused . | . . Traps Extracted . | . . Installed . | . . Triggered . | . . Machines | -11 -10 ---------- Run | Yrd Mat Machines Disabled 1 | . 1 Max in Single Turn 1 | . 1 Machines Repaired . | . . Machines Dismantled . | . . Machines Sabotaged . | . . Overloaded Fab Kills . | . . Hacking | -11 -10 --------- Run | Yrd Mat Machines Accessed 5 | . 5 Terminals 4 | . 4 Fabricators . | . . Repair Stations . | . . Recycling Units 1 | . 1 Scanalyzers . | . . Garrison Access . | . . Total Hacks 20 | . 20 Successful 10 | . 10 Failed 10 | . 10 Catastrophic 3 | . 3 Database Lockouts . | . . Manual . | . . Terminals 15 | . 15 Fabricators . | . . Repair Stations . | . . Recycling Units 5 | . 5 Scanalyzers . | . . Garrison Access . | . . Terminal Hacks 7 | . 7 Record 1 | . 1 Emergency Access Points 2 | . 2 Alert Level 1 | . 1 Locate Traps 1 | . 1 Disarm Traps 1 | . 1 Dispatch Records 1 | . 1 Fabricator Hacks . | . . Repair Station Hacks . | . . Recycling Unit Hacks 3 | . 3 Recycle Component 1 | . 1 Process 1 | . 1 Retrieve Components 1 | . 1 Scanalyzer . | . . Garrison Access Hacks . | . . Unauthorized Hacks . | . . Terminals . | . . Fabricators . | . . Repair Stations . | . . Recycling Units . | . . Scanalyzers . | . . Garrison Access . | . . Data Cores Recovered . | . . Used . | . . Hacking Detections 5 | . 5 Full Trace Events 5 | . 5 Feedback Events . | . . Feedback Blocked . | . . Robot Schematics Acquired . | . . Robots Built . | . . Authchips . | . . Time . | . . Total Robot Build Rating . | . . Part Schematics Acquired . | . . Parts Built . | . . Authchips . | . . Time . | . . Total Part Build Rating . | . . Part Studies Acquired . | . . Parts Repaired . | . . Time . | . . Parts Recycled 1 | . 1 Recycled Matter . | . . Retrieved Matter . | . . Retrieved Components 3 | . 3 Parts Scanalyzed . | . . Part Schematics Acquired . | . . Parts Damaged . | . . Bothacking | -11 -10 ------------ Run | Yrd Mat Used RIF Installer . | . . Robots Hacked . | . . Non-combat . | . . Combat . | . . Robot Hacks Applied . | . . Relay Couplers Released . | . . Fabnet Peak Effective % . | . . Robots Rewired . | . . Allies Hacked . | . . Hacks Repelled . | . . Allies | -11 -10 -------- Run | Yrd Mat Total Allies . | . . Largest Group . | . . Highest-Rated Group . | . . Highest-Rated Ally . | . . Total Orders . | . . Ally Attacks . | . . Total Damage . | . . Kills . | . . Allies Corrupted . | . . Allies Melted . | . . Intel | -11 -10 ------- Run | Yrd Mat Active Infowar (turns) 459 | 15 444 Sensors 103 | . 103 Structural 274 | . 274 Seismic 82 | 15 67 Robot Analysis Total . | . . Derelict Logs Recovered . | . . Drone Launches . | . . Drone Recoveries . | . . Exploration | -11 -10 ------------- Run | Yrd Mat Turns Passed 564 | 109 455 Spaces Moved 233 | 65 168 Core 15 | 15 . Treads 218 | 50 168 Legs . | . . Wheels . | . . Hover . | . . Flight . | . . Fastest Speed 50 | 50 160 Average Speed 152 | 134 160 Slowest Speed 160 | 160 160 Overloaded Moves . | . . Propulsion Burnouts . | . . Robots Hopped . | . . Potential Cave-ins . | . . Cave-ins Triggered . | . . Exploration Rate (%) 18 | 6 31 Regions Visited 1 Branch Regions . Pre-discovered Areas . | . . Known Exits Taken . | . . Unknown Exits Taken 1 | 1 . Scrap Searched . | . . Spaces Dug . | . . Terrain Destroyed . | . . Melee . | . . Projectile . | . . AOE . | . . Terrain Rammed . | . . Walls Destroyed . | . . Machines Disabled . | . . Actions | -11 -10 --------- Run | Yrd Mat Total 344 | 85 259 Wait . | . . Move 232 | 64 168 Hop . | . . Pick Up 29 | 13 16 Fast Attach . | . . Attach 14 | 7 7 Detach 1 | . 1 Swap 2 | . 2 Drop 12 | . 12 Fire 53 | 1 52 Melee . | . . Ram . | . . Kick . | . . Crush 1 | . 1 Escape Stasis . | . . Rewire . | . . Trap . | . . Miscellaneous . | . . Route ------- -11/Scrapyard -10/Materials History --------- Turn | Location | Event 23 | -11/Scrapyard | Discovered new exit (range 15) 110 | -11/Scrapyard | Entered Materials 307 | -10/Materials | Build established: Mutant 508 | -10/Materials | Core integrity fell below 50% 553 | -10/Materials | Core integrity fell below 20% 566 | -10/Materials | Core destroyed Last Messages --------------- G-34 Mercenary destroyed. Overheating: Particle Gun damaged (-45). Overheating: Core damaged (-40). Lgt. Treads destroyed. Overheating: Matter decay (-14). Power failure, Imp. Ion Engine shutdown. Overheating: Core damaged (-35). G-34 Mercenary destroyed. Overheating: Particle Gun damaged (-15). Overheating: Lgt. Treads damaged (-7). Lgt. Treads destroyed. Overheating: System interference. Structural Scanner temporarily disabled. Particle Gun broken. Overheating: Short circuit. G-34 Mercenary suffers critical hit (Burn). Particle Gun broken. Overheating: Short circuit. K-01 Serf collects debris. Overheating: Core damaged (-27). Map ----- +----------------------------------------------------+ | ?????????????????????????????????????????? | | ?????????????????????????????????????????? | | ?????????????????????????????????????????? | | ?????????????????????????????????????????? | | ?????????????????????????????????????????? | | ?????????????????????????????????????????? | | ??????????????????????????????? ?????????? | | ???????????????## ????????? ???????? | | ???????????????## ????????? ????? | | ???????????????## ??????+ ??? | | ???????????????## # ????## ? | | ???????????????## # ????## ? | | ?????????? ###### # ????## ? | | ?????????? ##### *%[ # ????## ""? | | ?????????? = # ????## """ | | ??????????? [%= + ????## !! """ | | ????????????? !!*% # ??? ## !! | | ??????? ?## !![ # ## !! | | ???????##+##?## ####### | | ??????? # ! | | ??????? + %[%k | | ????????????? # *g = ! | | ????????????? # # =%##T### *=%= ## | | ????????????? # # [ ########+####### ## | | ??????????????? #[[[[[[#### *[= #### ## | | ??????????????? #@ [[[####" """ ##????? | | ??????????? # ###########" """ #### | | ???????????##+# ###########" """ ####### | | ???????????## #????????##T # = | | ???????????## ##???????##" """ + """= | | ???????????##!*=##???????##" """ #*["Y"= | | ???????????##!==##???????##" """ #=%=![= | | ???????????##==%##??????### #+#+### | | ???????????##^^^#################### *### | | ???????######^^^########## # ##? | | ???????###### # + """ + # ? | | ???????##!! # # "T" # # ? | | ???????##!! # # # # ? | | ???????##!! [[!# ########### # ? | | ???????##!! * + ! ########### + ? | | ???????##|* = [# ##??????? # # ? | | ???????##* **# / ##??????? # # ? | | ?????######## # ##??????? # # ? | | ?????# # # ##??????? # ##? | | ?????# """ # ###########??????? / ##? | | ?????# "T" +*= ###########??????? # ##? | | ?????# # [##???????????????? # ##? | | ?????# ! # ##?????????????????? ##? | | ?????# !! # ##?????????????????? ##? | | ?????######## #??????????????????? ##? | +----------------------------------------------------+ Best States ------------- Heat Dissipation 25 Energy Generation 12 Energy Capacity 265 Matter Stores 231 Matter Capacity 300 Sight Range 16 Robot Scan Range 14 Terrain Scan Density 10 Evasion (%) 50 Recoil Reduction 2 Item Schematics ----------------- None Robot Schematics ------------------ None Fabricated ------------ Nothing Repaired ---------- Nothing Studied --------- None Alien Tech Used ----------------- None Achievements -------------- Loot Pinata Challenges ------------ None Game ------ Seed ReflexBehemothRipper Manual? 0 Play Time 00:13:28 Cumulative 1.3 hours Start 2025.12.25 @ 22:31:13 End 2025.12.25 @ 22:43:44 Sessions 1 Manual Loads 0 Difficulty Rogue Special Mode None Game No. 4 Rogue 4 Adventurer 0 Explorer 0 Win Type - Total 0 Types 0/0/0/0/0/0/0/0/0/0 Lore% 0 Gallery% 3 Achievement% 4 Wizard Run 0 Options --------- Layout 1 ASCII 0 Keyboard 0 Movement Mouse Keybinds 0 Fullscreen 1 Font 16/SmallcapsGlow Map View 55x38 Zoom Use 0% Tactical HUD 0 Map Filters NONE Filters NONE Steam 1 RUN: ed102df5-0a3c-4342-bd68-ff7f820ac26a